 Dungeon Crawl Stone Soup version 0.29-a0-321-gf1c400731a (webtiles) character file.

Game seed: 9411811238017195462

10 Flugslaktarn the Stinger (level 2, 18/19 HPs)
             Began as a Human Venom Mage on Apr 5, 2022.
             Was a Follower of Okawaru.
             Quit the game on level 1 of the Dungeon.
             The game lasted 00:01:10 (194 turns).

Flugslaktarn the Stinger (Human Venom Mage)          Turns: 194, Time: 00:01:10

Health: 18/19      AC:  2    Str:  8    XL:     2   Next: 30%
Magic:  4/5        EV: 12    Int: 15    God:    Okawaru [*.....]
Gold:   28         SH:  0    Dex: 13    Spells: 2/5 levels left

rFire   . . .      SeeInvis .   (no weapon)
rCold   . . .      Faith    .   (no shield)
rNeg    . . .      Spirit   .   a - +0 robe
rPois   .          Reflect  .   (no helmet)
rElec   .          Harm     .   (no cloak)
rCorr   .          Rampage  .   (no gloves)
Will    .....                   (no boots)
Stlth   ++........              (no amulet)
HPRegen 0.06/turn               (no ring)
MPRegen 0.09/turn               (no ring)

@: no status effects
A: no striking features
a: Renounce Religion, Heroism


You were on level 1 of the Dungeon.
You worshipped Okawaru.
Okawaru was aware of your devotion.
You visited 1 branch of the dungeon, and saw 2 of its levels.

You collected 28 gold pieces.

Inventory:

Armour
 a - a +0 robe (worn)
Jewellery
 c - a ring of ice
   (You found it on level 1 of the Dungeon)
Potions
 b - a potion of magic
 d - 2 potions of brilliance {unknown}


   Skills:
 - Level 2.0 Dodging
 - Level 2.0 Stealth
 + Level 2.0 Spellcasting
 - Level 2.0 Transmutations
 * Level 0.2 Air Magic
 + Level 3.0 Poison Magic


You had 2 spell levels left.
You knew the following spells:

 Your Spells              Type           Power      Damage    Failure   Level
a - Sting                 Tmut/Pois      36%        1d4       8%          1
b - Poisonous Vapours     Pois/Air       12%        N/A       17%         2

Your spell library contained the following spells:

 Spells                   Type           Power      Damage    Failure   Level
 Mephitic Cloud           Conj/Pois/Air  4%         N/A       38%         3
 Olgreb's Toxic Radiance  Pois           10%        N/A       54%         4


Dungeon Overview and Level Annotations

Branches:
Dungeon (2/15)

Altars:
Okawaru


Message History

You open the door.
Found a granite ring.
There is an open door here.
c - a ring of ice
Okay, then.
Found 5 poisoned darts.
You open the door.
Found 15 stones.
Found 14 gold pieces.
Found a stone staircase leading down.
You open the door.
There is an open door here.
A rat comes into view.
A bat comes into view.
Casting: Sting (safe; 9% risk of failure)
Confirm with . or Enter, or press ? or * to list all spells.
Aiming: Sting (safe; 9% risk of failure)
Press: ? - help, Shift-Dir - straight line, f - rat
Aim: a rat (68% to hit)
The sting hits the rat.
The rat is poisoned.
You kill the rat!
An endoplasm comes into view.
The endoplasm quivers.
Found 24 stones.
The bat closely misses you.
You see here 14 gold pieces.
You now have 28 gold pieces (gained 14).
The bat hits you but does no damage.
Casting: Sting (safe; 9% risk of failure)
Confirm with . or Enter, or press ? or * to list all spells.
Aiming: Sting (safe; 9% risk of failure)
Press: ? - help, Shift-Dir - straight line, f - bat
Aim: a bat (52% to hit)
The sting hits the bat.
The bat is poisoned.
The bat is severely wounded.
You kill the bat!
You have reached level 2!
Casting: Sting (safe; 9% risk of failure)
Confirm with . or Enter, or press ? or * to list all spells.
Aiming: Sting (safe; 9% risk of failure)
Press: ? - help, Shift-Dir - straight line, f - endoplasm
Aim: an endoplasm (97% to hit)
The sting hits the endoplasm.
The endoplasm partially resists.
The endoplasm is poisoned.
The endoplasm is lightly wounded.
You hit the endoplasm.
The endoplasm is severely wounded.
The endoplasm freezes you.
You are frozen.
You hit the endoplasm.
You kill the endoplasm!
Training target 2.0 for Transmutations reached!
Your Transmutations skill increases to level 2!
You need to enable at least one skill for training.
Okay, then.
Memorise Poisonous Vapours, consuming 2 spell levels and leaving 2?
You start memorising the spell.
You continue memorising. x2
You finish memorising.
Spell assigned to 'b'.
You see here a bat corpse.
Found a stone staircase leading down.
A giant cockroach comes into view.
Found 2 bubbling sapphire potions.
Casting: Sting (safe; 8% risk of failure)
Confirm with . or Enter, or press ? or * to list all spells.
Aiming: Sting (safe; 8% risk of failure)
Press: ? - help, Shift-Dir - straight line, f - giant cockroach
Aim: a giant cockroach (asleep, 100% to hit)
The sting hits the giant cockroach but does no damage.
The giant cockroach is poisoned.
The giant cockroach closely misses you. x2
The giant cockroach bites you but does no damage.
You kill the giant cockroach!
d - 2 bubbling sapphire potions A goblin comes into view.
It is wielding a +0 club.
There is a stone staircase leading down here.
You climb downwards.
There is a stone staircase leading up here.
You climb upwards.
The goblin shouts!
There is a stone staircase leading down here.
Casting: Sting (safe; 8% risk of failure)
Confirm with . or Enter, or press ? or * to list all spells.
You can't see any susceptible monsters within range! (Use Z to cast anyway.)
Casting: Sting (safe; 8% risk of failure)
Confirm with . or Enter, or press ? or * to list all spells.
Aiming: Sting (safe; 8% risk of failure)
Press: ? - help, Shift-Dir - straight line, f - goblin
Aim: a goblin, wielding a +0 club (60% to hit)
The sting hits the goblin.
The goblin is poisoned.
You kill the goblin!
Found a hand axe.
You see here a +0 hand axe.
Found a faded altar of an unknown god.
There is a faded altar of an unknown god here.
You cannot tell which god this altar belongs to.
Convert to them anyway?
Okawaru accepts your prayer! Okawaru welcomes you!
You can now gain great but temporary skills.
Unknown command.
Press < or > to pray at altars.
Are you sure you want to abandon this character and quit the game? (Confirm with "yes".)

.... #.# .... ..
...... ..♣♣
....... .♣..♣♣
....... .♣♣..♣♣
....♣♣♣♣♣♣.# ...♣
###.♣♣)....♣♣♣♣..♣
...♣...♣♣♣......8♣
....♣♣♣♣ ♣♣♣.∩..@♣
.....# ♣.....8♣
.....# ♣.♣♣♣♣..♣
.....# ... ♣.♣♣
.....# .♣♣ .♣♣
####### ♣. .♣ ..


There were no monsters in sight!

Vanquished Creatures
  2 endoplasms (D:1)
  A giant cockroach (D:1)
  A goblin (D:1)
  A hobgoblin (D:1)
  A bat (D:1)
  4 rats (D:1)
10 creatures vanquished.

Notes
Turn   | Place    | Note
-------+----------+-------------------------------------------
     0 | D:1      | Flugslaktarn the Human Venom Mage began the quest for the
                  | Orb.
     0 | D:1      | Reached XP level 1. HP: 13/13 MP: 3/3
   133 | D:1      | Reached XP level 2. HP: 18/19 MP: 1/5
   139 | D:1      | Learned a level 2 spell: Poisonous Vapours
   185 | D:1      | Found a faded altar of an unknown god.
   193 | D:1      | Prayed at the altar of an unknown god.
   193 | D:1      | Became a worshipper of Warmaster Okawaru
   193 | D:1      | Reached * piety under Okawaru
   194 | D:1      | Quit the game

Illustrated notes

Levels and vault maps discovered:
D:1:      sevenhm_arrival_forest_fort_large_4, layout_basic,
          shapermc_ecumenical_altar_totnotflames, ebering_dispersal_statue_hall
D:2:      wad_crossroads, layout_basic

Skill      XL: |  1  2 |
---------------+-------+-----
Transmutations | 2 |  2.0
Dodging        | |  2.0
Stealth        | |  2.0
Spellcasting   | |  2.0
Air Magic      | |  0.2
Poison Magic   | |  3.0

Action                   || total
-------------------------++-------
Melee: Unarmed           ||     7
 Cast: Sting             ||    11
Armor: Robe              ||     3
Dodge: Dodged            ||     6

Table legend: (Time is in decaauts)
 A = Elapsed time spent in this place.
 B = Non-inter-level travel time spent in this place.
 C = Inter-level travel time spent in this place.
 D = Time resting spent in this place.
 E = Time spent auto-exploring this place.
 F = Levels seen in this place.
 G = Mean time per level.
                   A        B        C        D        E       F      G
               +--------+--------+--------+--------+--------+-----+--------+
         Total |    194 |    185 |      9 |      0 |      0 |   2 |   97.0 |
       Dungeon |    194 |    185 |      9 |      0 |      0 |   2 |   97.0 |
               +--------+--------+--------+--------+--------+-----+--------+

Top non-repeatable levels by time:
     D:1: 192 daAuts
     D:2: 1 daAuts
